 Dungeon Crawl Stone Soup version 0.27-a0-789-g6bb3289e1e (webtiles) character file.

Game seed: 13079482733180785323

32 jiml777 the Gusty (level 2, -4/30 HPs)
             Began as a Demigod Air Elementalist on Mar 26, 2021.
             Slain by an adder (5 damage)
             ... on level 2 of the Dungeon.
             The game lasted 00:10:36 (2313 turns).

jiml777 the Gusty (Demigod Air Elementalist)        Turns: 2313, Time: 00:10:36

Health: -4/30      AC:  3    Str: 15    XL:     2   Next: 96%
Magic:  0/7        EV: 15    Int: 17    God:
Gold:   79         SH:  0    Dex: 20    Spells: 2/5 levels left

rFire    . . .     SeeInvis .   f - +0 dagger
rCold    . . .     Faith    .   (no shield)
rNeg     . . .     Spirit   .   a - +0 robe
rPois    .         Reflect  .   (no helmet)
rElec    .         Harm     .   (no cloak)
rCorr    .         Rampage  .   c - +0 pair of gloves
Will     .....                  (no boots)
Stlth    ..........             (no amulet)
HPRegen  0.10/turn              e - +6 ring of dexterity
MPRegen  0.10/turn              r - +6 ring of strength

@: brilliant, berserking, lethally poisoned (-4 -> -10), very slightly
contaminated, very quick
A: high mp 1, forlorn, fangs 1, repulsion field 2, MP-powered wands
a: no special abilities


You were on level 2 of the Dungeon.
You visited 1 branch of the dungeon, and saw 3 of its levels.

You collected 79 gold pieces.

Inventory:

Hand Weapons
 f - a +0 dagger (weapon)
Missiles
 i - 50 bolts
 m - 29 stones
 p - 24 sling bullets
 q - 23 poisoned darts
Armour
 a - a +0 robe (worn)
 c - a +0 pair of gloves (worn)
Jewellery
 e - a +6 ring of dexterity (right hand)
 r - a +6 ring of strength (left hand)
 t - a ring of ice
Scrolls
 d - a scroll of enchant armour {unknown}
 n - a scroll of identify {unknown}
 s - a scroll of magic mapping {unknown}
 u - 2 scrolls of teleportation {unknown}
Potions
 b - a potion of might {unknown}
 h - a potion of haste {unknown}
 j - a potion of mutation
 k - a potion of curing {unknown}
 l - a potion of brilliance
 o - a potion of degeneration {unknown}


   Skills:
 + Level 1.8 Dodging
 + Level 2.0 Stealth
 + Level 2.1 Spellcasting
 + Level 1.3 Conjurations
 + Level 3.3 Air Magic


You had 2 spell levels left.
You knew the following spells:

 Your Spells              Type           Power      Damage    Failure   Level
a - Shock                 Conj/Air       56%        1d6       8%          1
b - Swiftness             Air            19%        N/A       8%          2

Your spell library contained the following spells:

 Spells                   Type           Power      Damage    Failure   Level
 Static Discharge         Conj/Air       14%        N/A       22%         3
 Airstrike                Air            9%         N/A       43%         4
 Lightning Bolt           Conj/Air       7%         1d19      90%         5


Dungeon Overview and Level Annotations

Branches:
Dungeon (3/15)

Shops:
D:2 =


Innate Abilities, Weirdness & Mutations

Your attributes grow dramatically as you level up.
You have an increased reservoir of magic. (+10% MP)
You shall have no god before yourself.
You have very sharp teeth.
You are surrounded by a moderate repulsion field. (EV +3)
You expend magic power (3 MP) to strengthen your wands.


Message History

You are poisoned.
The adder poisons you! The bat completely misses you.
The adder bites you but does no damage.
Casting: Shock (safe; 8% risk of failure)
Confirm with . or Enter, or press ? or * to list all spells.
Aiming: Shock (safe; 8% risk of failure)
Press: ? - help, Shift-Dir - straight line The zap hits the adder.
The adder is lightly wounded.
The zap hits the adder.
The adder is moderately wounded.
You feel very sick. The bat completely misses you. The bat barely misses you.
The adder bites you.
You are lethally poisoned!
The adder poisons you!
Casting: Shock (safe; 8% risk of failure)
Confirm with . or Enter, or press ? or * to list all spells.
Aiming: Shock (safe; 8% risk of failure)
Press: ? - help, Shift-Dir - straight line You miscast Shock.
Nothing appears to happen.
* * * LOW HITPOINT WARNING * * *
You feel very sick. The bat closely misses you. The adder misses you.
Unknown command.
It was a potion of mutation.
You feel extremely strange.
Your teeth lengthen and sharpen.
You begin to radiate repulsive energy.
You feel your magical essence link to the dungeon's wands.
Your repulsive radiation grows stronger.
* * * LOW HITPOINT WARNING * * *
You feel sick. The bat barely misses you. The adder barely misses you. x2
It was a potion of brilliance.
You feel clever all of a sudden.
* * * LOW HITPOINT WARNING * * *
You feel sick. The adder closely misses you. The bat misses you.
It was a potion of berserk rage.
A red film seems to cover your vision as you go berserk!
You feel yourself moving faster!
You feel mighty!
* * * LOW HITPOINT WARNING * * *
You feel sick. The bat barely misses you. The adder bites you.
You die...

#.....# #########.#.# #.
#.....# #.#.# #. #.....#
##########.#.# #. ##.#'##
#............# #.
#.#.######......###.### #.
#.#.............###.### #.
#.########............#####
## ###.###
#................# #
#.....# #..S@............#
# #.....#
#...b............# #
##.....# ##...............#
# .......#
######..........# #
##.....# #......#.### #
#)....# ########.######
##.....######
########.#.....
............#
##......#.......
##.....####.#
#.............##


You could see an adder and a bat.

Vanquished Creatures
  3 bats
  5 endoplasms
  A giant cockroach (D:2)
  4 hobgoblins
  2 jackals (D:2)
  3 kobolds
  2 quokkas
  3 ball pythons
  A goblin (D:1)
  3 rats
27 creatures vanquished.

Notes
Turn   | Place    | Note
-------+----------+-------------------------------------------
     0 | D:1      | jiml777 the Demigod Air Elementalist began the quest for
                  | the Orb.
     0 | D:1      | Reached XP level 1. HP: 14/14 MP: 5/5
   535 | D:1      | Reached skill level 3 in Air Magic
   944 | D:2      | Reached XP level 2. HP: 20/20 MP: 5/7
  1170 | D:2      | Reached skill level 1 in Conjurations
  1273 | D:2      | Found Tuyrr's Jewellery Shop.
  1567 | D:2      | Learned a level 2 spell: Swiftness
  2290 | D:3      | Noticed an air elemental
  2311 | D:2      | Gained mutation: You have very sharp teeth. [potion of
                  | mutation]
  2311 | D:2      | Gained mutation: You are surrounded by a mild repulsion
                  | field. (EV +2) [potion of mutation]
  2311 | D:2      | Gained mutation: You expend magic power (3 MP) to
                  | strengthen your wands. [potion of mutation]
  2311 | D:2      | Gained mutation: You are surrounded by a moderate repulsion
                  | field. (EV +3) [potion of mutation]
  2312 | D:2      | HP: 1/20 [poisoned by an adder]
  2313 | D:2      | Slain by an adder

Illustrated notes

Levels and vault maps discovered:
D:1:      psy_arrival_radial02, layout_basic
D:2:      layout_basic, cheibriados_altar_1, serial_shops,
          nicolae_shop_behind_doors
D:3:      layout_rooms, nicolae_qazlal_style_of_elements,
          gammafunk_ghost_stat_death, wad_orctagon

Skill      XL: |  1  2 |
---------------+-------+-----
Air Magic      | 3 |  3.3
Conjurations   | 1 |  1.3
Stealth        | 2 |  2.0
Spellcasting   | 2 |  2.1
Dodging        | |  1.8

Action                   || total
-------------------------++-------
Melee: Dagger            ||     7
 Cast: Shock             ||    62
  Use: Potion            ||     3
Armor: Robe              ||     7
Dodge: Dodged            ||    29

Table legend: (Time is in decaauts)
 A = Elapsed time spent in this place.
 B = Non-inter-level travel time spent in this place.
 C = Inter-level travel time spent in this place.
 D = Time resting spent in this place.
 E = Time spent auto-exploring this place.
 F = Levels seen in this place.
 G = Mean time per level.
                   A        B        C        D        E       F      G
               +--------+--------+--------+--------+--------+-----+--------+
         Total |   2318 |   2264 |     54 |    592 |   1338 |   3 |  772.7 |
       Dungeon |   2318 |   2264 |     54 |    592 |   1338 |   3 |  772.7 |
               +--------+--------+--------+--------+--------+-----+--------+

Top non-repeatable levels by time:
     D:2: 1124 daAuts
     D:1: 946 daAuts
     D:3: 246 daAuts
